 Dungeon Crawl Stone Soup version 0.31-a0-180-g519b7de00c (webtiles) character file.

Game seed: 1020282886126018724

16 Maxmaps the Vexing (level 2, -1/21 HPs)
             Began as a Demonspawn Hexslinger on June 19, 2023.
             Slain by a gnoll
             ... wielding a +0 club
              (4 damage)
             ... on level 1 of the Dungeon.
             The game lasted 00:00:17 (333 turns).

Maxmaps the Vexing (Demonspawn Hexslinger)           Turns: 333, Time: 00:00:18

Health: -1/21      AC:  2    Str:  8    XL:     2   Next: 37%
Magic:  3/3        EV: 12    Int: 14    God:
Gold:   47         SH:  0    Dex: 15    Spells: 2/3 levels left

rFire   . . .        a - +1 sling
rCold   . . .        (no shield)
rNeg    . . .        c - +0 robe
rPois   .            (no helmet)
rElec   .            (no cloak)
rCorr   .            (no gloves)
SInv    .            (no boots)
Will    .....        (no amulet)
Stlth   +            (no ring)
HPRegen 0.23/turn    (no ring)
MPRegen 0.08/turn

%: no passive effects
@: no status effects
A: spiny 1
a: no special abilities


You were on level 1 of the Dungeon.
You visited 1 branch of the dungeon, and saw 1 of its levels.

You collected 47 gold pieces.

Inventory:

Hand Weapons
 a - a +1 sling (weapon)
Armour
 c - a +0 robe (worn)
Scrolls
 b - 2 scrolls of poison
 e - a scroll of acquirement {unknown}
 f - a scroll of identify {unknown}
 g - a scroll of teleportation {unknown}
 h - a scroll of immolation {unknown}
Potions
 d - a potion of heal wounds {unknown}


   Skills:
 + Level 1.4 Fighting
 - Level 2.5 Ranged Weapons
 - Level 1.7 Dodging
 - Level 1.0 Spellcasting
 - Level 3.0 Hexes


You had 2 spell levels left.
You knew the following spells:

 Your Spells              Type           Power      Damage    Failure   Level
a - Slow                  Hex            36%        N/A       8%          1

Your spell library contained the following spells:

 Spells                   Type           Power      Damage    Failure   Level
 Cigotuvi's Dreadful Rot  Necr/Pois/Air  0%         N/A       36%         2
 Inner Flame              Hex/Fire       4%         N/A       38%         3
 Portal Projectile        Hex/Tloc       8%         N/A       38%         3
 Cause Fear               Hex            4%         N/A       58%         4
 Dispel Undead            Necr           0%         3d6       95%         4
 Death Channel            Necr           0%         N/A       100%        6


Dungeon Overview and Level Annotations

Branches:
Dungeon (1/15)

Altars:


Innate Abilities, Weirdness & Mutations

You are partially covered in sharp spines.


Message History

You shoot a sling bullet.
The sling bullet hits the gnoll but does no damage.
The gnoll shouts!
An endoplasm comes into view.
You shoot a sling bullet.
The sling bullet barely misses the gnoll.
The endoplasm quivers.
There are monsters nearby!
There are monsters nearby!
You shoot a sling bullet.
The sling bullet barely misses the gnoll.
There are monsters nearby!
You shoot a sling bullet. The sling bullet hits the gnoll.
The gnoll is moderately wounded.
The gnoll hits you with a +0 club.
There are monsters nearby!
You shoot a sling bullet. The sling bullet hits the gnoll.
The gnoll is heavily wounded.
The gnoll is struck by your spines. The gnoll hits you with a +0 club.
There are monsters nearby!
You shoot a sling bullet.
The sling bullet hits the gnoll but does no damage.
The gnoll is severely wounded.
The gnoll hits you with a +0 club.
* * * LOW HITPOINT WARNING * * *
A dart slug comes into view.
You are too injured to fight recklessly!
You are too injured to fight recklessly!
Unknown command.
Fire: a) +1 sling
Press: ? - help, Shift-Dir - straight line, f/p - gnoll
Aim: a gnoll, wielding a +0 club (severely wounded, 61% to hit)
You shoot a sling bullet.
The sling bullet hits the gnoll but does no damage.
The gnoll is severely wounded.
The endoplasm freezes you.
You are frozen.
* * * LOW HITPOINT WARNING * * *
The gnoll is struck by your spines. The gnoll hits you with a +0 club.
You die...

.......... ...
PP........#. ..#
.#.....>...w ...!
........[..#.....
#..........#...
#............
#........Jg#
#........@.#
#..........#♣ .
######†....♣ .
#..........# .
#..........# .
♣♣♣♣.......# .
##♣♣..♣.......#
....
#..........##.# ♣
.♣♣##...
#.♣♣♣.♣....##.#♣P.
♣.. ....


You could see a gnoll, a dart slug and an endoplasm.

Vanquished Creatures
  A dart slug (D:1)
  3 endoplasms (D:1)
  A giant cockroach (D:1)
  A hobgoblin (D:1)
  A kobold (D:1)
  A quokka (D:1)
  A bat (D:1)
  4 rats (D:1)
13 creatures vanquished.

Notes
Turn   | Place    | Note
-------+----------+-------------------------------------------
     0 | D:1      | Maxmaps the Demonspawn Hexslinger began the quest for the
                  | Orb.
     0 | D:1      | Reached XP level 1. HP: 15/15 MP: 2/2
   143 | D:1      | Gained mutation: You are partially covered in sharp spines.
                  | [demonic ancestry]
   143 | D:1      | Reached XP level 2. HP: 21/21 MP: 3/3
   333 | D:1      | Slain by a gnoll

Illustrated notes

Levels and vault maps discovered:
D:1:      lordsloth_arrival_two_stooges, layout_basic, serial_forest,
          infiniplex_forest_join, infiniplex_forest_fountain,
          infiniplex_forest_clump_double, infiniplex_forest_lined_room_,
          infiniplex_forest_pool, infiniplex_forest_straight_4,
          infiniplex_forest_clump_small, hangedman_decor_opposing

Skill      XL: |  1 |
---------------+----+-----
Ranged Weapons | 2 |  2.5
Fighting       | |  1.4
Dodging        | |  1.7
Spellcasting   | |  1.0
Hexes          | |  3.0

Action                     || total
---------------------------++-------
   Fire: Sling             ||    35
  Dodge: Dodged            ||     1

Table legend: (Time is in decaauts)
 A = Elapsed time spent in this place.
 B = Non-inter-level travel time spent in this place.
 C = Inter-level travel time spent in this place.
 D = Time resting spent in this place.
 E = Time spent auto-exploring this place.
 F = Levels seen in this place.
 G = Mean time per level.
                   A        B        C        D        E       F      G
               +--------+--------+--------+--------+--------+-----+--------+
         Total |    342 |    342 |      0 |      0 |    273 |   1 |  342.0 |
       Dungeon |    342 |    342 |      0 |      0 |    273 |   1 |  342.0 |
               +--------+--------+--------+--------+--------+-----+--------+

Top non-repeatable levels by time:
     D:1: 342 daAuts
